[Event "*** Titled Tuesday Blitz"]
[Site "Chess.com"]
[Date "2020.05.26"]
[Round "2"]
[White "ChessyInstinct"]
[Black "attack2mateU"]
[Result "0-1"]
[WhiteElo "2413"]
[BlackElo "2673"]
[TimeControl "180+1"]
[EndTime "10:17:59 PDT"]
[Termination "attack2mateU won by checkmate"]

1. d4 Nf6 2. c4 g6 3. Nc3 d5 4.
Bg5 Ne4 5. Bf4 Nxc3 6. bxc3 Bg7 7.
Nf3 c5 8. e3 O-O 9. cxd5 cxd4 10. cxd4 Qxd5 11. Be2 Qa5+ 12. Qd2 Nc6 13. Qxa5 Nxa5 14.
Rc1 Be6 15. O-O Rfc8 16. e4 Bxa2 17. Ra1 Bc4 18. Bxc4 Nxc4 19. Rfb1 b6 20. Ra6 h6 21. h4 Rd8 22. d5 f5 23. exf5 gxf5 24. Rc1 b5 25. Nd4 Rxd5 26. Nxb5 Rxb5 27. Rxc4 Rb6 28. Rca4 e5 29. Rxb6 exf4 30. Rba6 Rd8 31. Kh2 Rd2 32. Rxa7 Rxf2 33. Ra8+ Kh7 34. R8a7 f3 35. Rf4 Rxg2+ 36.
Kh1 Rg3 37. Ra3 Rh3+ 38. Kg1 f2+ 39. Kxf2 Rxa3 40. Rf3 Rxf3+ 41. Kxf3 Kg6 42. Kf4 Kf6 43. h5 Ke6 44. Kg3 Ke5 45. Kh3 f4 46. Kg4 Ke4 47. Kh4 Kf3 48. Kh3 Bf6 49. Kh2 Kg4 50. Kg2 Kxh5 51.
Kf2 Kg4 52. Kg2 h5 53. Kf2 h4 54. Kg2 h3+ 55. Kh2 f3 56. Kh1 Kg3 57. Kg1 f2+ 58. Kf1 h2 59. Ke2 h1=Q 60. Ke3 Bg5+ 61. Ke2 f1=Q# 0-1

[Event "*** Titled Tuesday Blitz"]
[Site "Chess.com"]
[Date "2020.05.26"]
[Round "2"]
[White "Irina_Barchuk"]
[Black "Tashik"]
[Result "0-1"]
[WhiteElo "2212"]
[BlackElo "2438"]
[TimeControl "180+1"]
[EndTime "10:18:00 PDT"]
[Termination "Tashik won by checkmate"]

1. e4 e5 2. Nf3 Nc6 3. d4 exd4 4. Bc4 Nf6 5. e5 d5 6. Bb5 Ne4 7. Nxd4 Bd7 8. Bxc6 bxc6 9. O-O Be7 10. Nd2 Nc5 11. N2b3 O-O 12. Be3 Ne4 13. f3 Ng5 14. f4 Ne4 15. Nf3 f5 16. exf6 Bxf6 17. Ne5 Bxe5 18.
fxe5 Qe7 19. Qd4 a5 20. a4 Rfb8 21. Rf3 Rb4 22. Qd1 Bg4 23. h3 Bxf3 24. Qxf3 Rd8 25. Nxa5 Qe6 26. b3 c5 27. Qe2 Nc3 28. Qe1 d4 29.
Bd2 Qg6 30. Bxc3 dxc3 31. Qxc3 Re4 32. Nc4 Re2 33. g4 Rxc2 34. Qf3 h5 35. a5 hxg4 36. Qxg4 Qd3 37. Qe6+ Kh8 38. Qg4 Qc3 39. Qh4+ Kg8 40. Qxd8+ Kh7 41. Qh4+ Kg8 42. Rf1 Qd3 43. e6 Qd5 44. e7 Qg2# 0-1

[Event "*** Titled Tuesday Blitz"]
[Site "Chess.com"]
[Date "2020.05.26"]
[Round "2"]
[White "ElCoachRene"]
[Black "chessablanca"]
[Result "1-0"]
[WhiteElo "2230"]
[BlackElo "2416"]
[TimeControl "180+1"]
[EndTime "10:18:00 PDT"]
[Termination "ElCoachRene won by checkmate"]

1. d4 Nf6 2. Bf4 e6 3. e3 d5 4.
Nd2 Bd6 5. Bg3 O-O 6. Bd3 Nbd7 7. Ngf3 Re8 8. Ne5 Qe7 9. f4 c5 10. c3 b6 11. Bh4 Qf8 12. O-O Bb7 13. Qf3 g6 14. Bg5 h6 15. Bh4 Qg7 16. Bf2 Bxe5 17. fxe5 Nh7 18. h4 f5 19. Qg3 g5 20. Nf3 g4 21.
Nh2 Nhf8 22. Qf4 Ng6 23. Qg3 h5 24. Be1 Rf8 25. Bd2 Qe7 26. Be1 Rac8 27. a4 a6 28. Bf2 Qg7 29. Be1 Kh8 30. Qf2 f4 31. exf4 Nxf4 32. Qe3 cxd4 33. cxd4 Nxd3 34. Qxd3 Rxf1+ 35. Nxf1 Nf8 36. Bd2 Nh7 37. Ng3 a5 38. Nxh5 Qf7 39.
Ng3 Qe7 40. Bg5 Nxg5 41. hxg5 Qxg5 42. Rf1 Rg8 43. Rf6 Rg7 44. Rf8+ Rg8 45. Rf7 Rg7 46. Rf8+ Rg8 47. Rf6 Rg7 48. Qc2 Qh4 49. Qf2 Qg5 50. Rf8+ Rg8 51. Qf6+ Qxf6 52. Rxf6 Bc8 53. Rf7 Rd8 54. Nh5 Bd7 55. Nf6 Bxa4 56. Rh7# 1-0

[Event "*** Titled Tuesday Blitz"]
[Site "Chess.com"]
[Date "2020.05.26"]
[Round "2"]
[White "WinstonSilvakov"]
[Black "letsgoband"]
[Result "0-1"]
[WhiteElo "2094"]
[BlackElo "2390"]
[TimeControl "180+1"]
[EndTime "10:18:01 PDT"]
[Termination "letsgoband won on time"]

1. d4 Nf6 2. e3 g6 3. Bd3 Bg7 4.
h4 d5 5. h5 Nxh5 6. Rxh5 gxh5 7. Qxh5 Nc6 8. f4 Qd6 9. Nf3 Bd7 10. a3 O-O-O 11. Nc3 Be8 12. Qg4+ Bd7 13. Qxg7 Rdg8 14. Qxf7 Rxg2 15. Bf5 Rd8 16. Bd2 Rg3 17. Kf2 Rgg8 18. Rg1 Rgf8 19. Bxd7+ Qxd7 20. Qxh7 Qe6 21. Ng5 Qf6 22.
Qh3+ Kb8 23. Ne6 Rh8 24. Qf3 Qxe6 25. Qg3 a6 26. Qg6 Qxg6 27. Rxg6 Rh2+ 28. Rg2 Rdh8 29. Be1 e6 30. Kg1 Rxg2+ 31. Kxg2 Ne7 32. Kf3 Nf5 33.
Nd1 Rh3+ 34. Ke2 Rh2+ 35. Bf2 c6 36. Kf3 Kc8 37. Nc3 b6 38. Ne2 Kd7 39. Ng3 Nxg3 40. Kxg3 Rh1 0-1

[Event "*** Titled Tuesday Blitz"]
[Site "Chess.com"]
[Date "2020.05.26"]
[Round "2"]
[White "BaMBoMaTTo"]
[Black "albano87"]
[Result "0-1"]
[WhiteElo "2675"]
[BlackElo "2356"]
[TimeControl "180+1"]
[EndTime "10:18:03 PDT"]
[Termination "albano87 won by checkmate"]

1. e4 c5 2. Nf3 Nc6 3. d4 cxd4 4. Nxd4 Nf6 5. Nc3 d6 6. Bg5 Bd7 7. Qd2 Rc8 8. O-O-O Nxd4 9. Qxd4 Qa5 10. Bd2 g6 11. a3 Bg7 12. Nb5 Qb6 13. Qxb6 axb6 14. f3 Be6 15. Be3 Nd7 16. Nd4 Bc4 17. Bxc4 Rxc4 18. Nb5 O-O 19. b3 Rcc8 20. Bd4 Bxd4 21. Rxd4 f5 22. Re1 Rc5 23. a4 Rfc8 24. c4 Re5 25.
f4 Rxe4 26. Rdxe4 fxe4 27. Rxe4 Kf7 28. Kc2 Nf6 29. Rd4 Rc5 30. g3 g5 31. Nc3 gxf4 32.
Rxf4 Kg6 33. Ne4 Rh5 34. h4 Rf5 35. Rxf5 Kxf5 36. Nf2 Ne4 37. Nxe4 Kxe4 38. g4 Kf4 39. g5 Kg4 40. Kd3 Kxh4 41. Ke4 Kxg5 42. Kd5 h5 43. Ke6 h4 44. Kxe7 h3 45. Kxd6 h2 46. Kc7 h1=Q 47. Kxb6 Qc6+ 48. Ka5 Qc5# 0-1

[Event "*** Titled Tuesday Blitz"]
[Site "Chess.com"]
[Date "2020.05.26"]
[Round "2"]
[White "Turquoise_2701"]
[Black "Orest_Vovk"]
[Result "0-1"]
[WhiteElo "2149"]
[BlackElo "2410"]
[TimeControl "180+1"]
[EndTime "10:18:04 PDT"]
[Termination "Orest_Vovk won on time"]

1. Nf3 Nf6 2. c4 e6 3. g3 Nc6 4.
Bg2 d5 5. O-O g6 6. b3 Bg7 7. Bb2 O-O 8. d3 Re8 9. Nbd2 e5 10.
cxd5 Nxd5 11. Ne1 Be6 12. Rc1 Qd7 13. Ne4 b6 14. Ng5 Nd4 15. Nxe6 Nxe6 16. Nc2 c5 17. Na3 Rad8 18. Nc4 Nd4 19. e3 Nc6 20. Qf3 Ncb4 21. Rfd1 Nxa2 22. Ra1 Nab4 23. Rd2 Nxd3 24. Qd1 N5b4 25.
Bc3 e4 26. Bxg7 Kxg7 27. f3 f5 28. fxe4 fxe4 29. Nb2 Qf7 30. Nxd3 Rxd3 31. Rxd3 exd3 32. Qd2 Re7 33. e4 Qf6 34. Rf1 Qd4+ 35. Kh1 Nc2 36. Qg5 Qe5 37. Qd2 Rd7 38. h4 Qxg3 39. h5 Qh4+ 40.
Kg1 Qxh5 41. Qc3+ Rd4 42. b4 Ne3 0-1

[Event "*** Titled Tuesday Blitz"]
[Site "Chess.com"]
[Date "2020.05.26"]
[Round "2"]
[White "Bigfish1995"]
[Black "Lubov_Gordyk"]
[Result "1-0"]
[WhiteElo "3029"]
[BlackElo "2596"]
[TimeControl "180+1"]
[EndTime "10:18:05 PDT"]
[Termination "Bigfish1995 won by checkmate"]

1. d4 c5 2. d5 f5 3. g4 fxg4 4. e4 d6 5. h3 Nf6 6. Nc3 g6 7.
hxg4 Bxg4 8. Bb5+ Bd7 9. Bxd7+ Qxd7 10. Nf3 Na6 11. e5 dxe5 12. Nxe5 Qf5 13. Nc4 O-O-O 14. Ne3 Qe5 15. a3 e6 16. d6 Nd5 17. Nxd5 Rxd6 18. Qg4 Rxd5 19. Bd2 Rxd2 20. Kxd2 Bg7 21. c3 Nc7 22.
Kc2 Rf8 23. Raf1 Rf4 24. Qd1 Nd5 25. Nxd5 exd5 26. Rxh7 d4 27. Qd3 dxc3 28. bxc3 c4 29. Qd2 g5 30. Kb2 Rf3 31. Rc1 Rd3 32. Qe1 Qf6 33.
Qe8+ Kc7 34. Qg8 Rd2+ 35. Ka1 Rd7 36. Qxc4+ Kd8 37. Rc2 b5 38. Qxb5 Qg6 39. Qb8+ Ke7 40. Re2+ Kf7 41. Qe8+ Kf6 42. Qe6# 1-0

[Event "*** Titled Tuesday Blitz"]
[Site "Chess.com"]
[Date "2020.05.26"]
[Round "2"]
[White "Siemba"]
[Black "cioxminator"]
[Result "1-0"]
[WhiteElo "2274"]
[BlackElo "2448"]
[TimeControl "180+1"]
[EndTime "10:18:05 PDT"]
[Termination "Siemba won by resignation"]

1. d4 Nf6 2. c4 c5 3. d5 b5 4. cxb5 a6 5. bxa6 Bxa6 6. Nc3 d6 7. e4 Bxf1 8. Kxf1 g6 9. g3 Bg7 10. Kg2 O-O 11. Nf3 Nbd7 12. Qc2 Ra6 13. a4 Qa8 14.
Bg5 Rc8 15. b3 e6 16. Rhd1 exd5 17. exd5 Nb6 18. Rac1 Nbxd5 19. Nxd5 Nxd5 20. Qe4 Nc3 21. Qxa8 Rcxa8 22. Rd3 Ne4 23. Bf4 f5 24. Nd2 Rb8 25.
Nxe4 fxe4 26. Rxd6 Rxd6 27. Bxd6 Rxb3 28. Bxc5 Rb2 29. Rc4 Ra2 30. Rxe4 Kf7 31. Bb6 Bc3 32. Rc4 Be1 33. h4 Ke6 34. Re4+ Kd5 35. Rxe1 Rxa4 36. Be3 Rc4 37. Rc1 Ra4 38. Kf3 Ra3 39. Rc5+ Kd6 40. Rb5 Ke6 41. h5 gxh5 42. Rxh5 Ra1 43. Rxh7 1-0

[Event "*** Titled Tuesday Blitz"]
[Site "Chess.com"]
[Date "2020.05.26"]
[Round "2"]
[White "Mikasinski"]
[Black "bmt011"]
[Result "1/2-1/2"]
[WhiteElo "2375"]
[BlackElo "2070"]
[TimeControl "180+1"]
[EndTime "10:18:06 PDT"]
[Termination "Game drawn by repetition"]

1. e4 e6 2. d4 d5 3. Nc3 Nf6 4. Bg5 Bb4 5. e5 h6 6. Bh4 g5 7. Bg3 Ne4 8. Ne2 c5 9. a3 cxd4 10.
axb4 dxc3 11. Nxc3 Nxg3 12. hxg3 Nc6 13. Bb5 Qb6 14.
Qd2 Bd7 15. Bxc6 bxc6 16. Na4 Qc7 17. f4 g4 18. Nc5 h5 19. Rh4 Ke7 20. Kf2 Raf8 21. Qd4 Qb6 22. Ra6 Qb5 23. Rxa7 Ra8 24. Nxd7 c5 25. Nxc5+ Rxa7 26. c4 Qxc4 27. Ne4 Qxd4+ 28. Ke2 Ra1 29. Nd2 Qc4+ 30. Nxc4 dxc4 31. Rxh5 Rb8 32. b5 Rxb5 33. Ke3 Rb3+ 34. Kd4 Rd1+ 35. Kxc4 Rxb2 36. f5 Rc2+ 37. Kb3 Rcc1 38. f6+ Kd7 39. Kb2 Rb1+ 40. Kc2 Rbc1+ 41. Kb2 Rb1+ 42. Kc3 Rbc1+ 43. Kb2 1/2-1/2

[Event "*** Titled Tuesday Blitz"]
[Site "Chess.com"]
[Date "2020.05.26"]
[Round "2"]
[White "Tenamu"]
[Black "Michaelson_11"]
[Result "1-0"]
[WhiteElo "2358"]
[BlackElo "2003"]
[TimeControl "180+1"]
[EndTime "10:18:06 PDT"]
[Termination "Tenamu won on time"]

1. d4 Nf6 2. Nc3 d5 3. Bf4 e6 4. Nb5 Na6 5. e3 c6 6. Nc3 Nc7 7. Bd3 Bd6 8. Qf3 b6 9. O-O-O Bb7 10. g4 Qe7 11. g5 Nd7 12. h4 O-O-O 13. e4 Bxf4+ 14.
Qxf4 e5 15. dxe5 Nxe5 16. Nf3 Nxd3+ 17. cxd3 d4 18. Ne2 c5 19. Ne5 Ne6 20. Qxf7 Rde8 21.
Qxe7 Rxe7 22. Nc4 Kc7 23. f4 g6 24. Kd2 Ng7 25. Ne5 Rf8 26. Rc1 Nh5 27. Rhf1 Ba6 28. b4 Kd6 29. a4 Rc7 30. b5 Bb7 31. Nc4+ Ke6 32. Rf2 Rcf7 33. Rcf1 a6 34. Nxb6 axb5 35.
axb5 Kd6 36. Nc4+ Kc7 37. Ne5 Re7 38. Ra1 1-0

[Event "*** Titled Tuesday Blitz"]
[Site "Chess.com"]
[Date "2020.05.26"]
[Round "2"]
[White "maciek_92"]
[Black "Vlad_Lukiianchuk"]
[Result "1-0"]
[WhiteElo "2816"]
[BlackElo "2521"]
[TimeControl "180+1"]
[EndTime "10:18:07 PDT"]
[Termination "maciek_92 won by checkmate"]

1. e4 e5 2. Nf3 Nc6 3. Bb5 a6 4. Ba4 Nf6 5. O-O Be7 6. d3 d6 7. h3 O-O 8. c4 h6 9. Nc3 Re8 10. b4 Bd7 11. a3 b5 12. cxb5 axb5 13. Bxb5 Nxb4 14. Bc4 Nc6 15. Re1 Na5 16. Ba2 c5 17. Nd2 Be6 18. Nc4 Nc6 19. Ne3 Nd4 20. Ncd5 Nxd5 21.
Nxd5 Bg5 22. Bb2 Rb8 23. Rb1 Bh4 24. Qd2 Bg5 25. Qd1 Bh4 26. Bxd4 exd4 27. Rxb8 Qxb8 28. Qc2 Qa7 29. a4 Bd7 30. Bb3 Bc6 31. Ra1 Qa5 32.
Bc4 Rb8 33. g3 Bd8 34. Qe2 Bxa4 35. Qa2 Qa8 36. Qxa4 Rb1+ 37. Kg2 Rxa1 38. Qe8+ Kh7 39. Qxf7 Ra7 40. Qf5+ Kh8 41. Nf4 Bf6 42. Ng6+ Kh7 43.
Nf8+ Kh8 44. Qh7# 1-0

[Event "*** Titled Tuesday Blitz"]
[Site "Chess.com"]
[Date "2020.05.26"]
[Round "2"]
[White "RobertPrieb2007"]
[Black "Revnov"]
[Result "1/2-1/2"]
[WhiteElo "2448"]
[BlackElo "2674"]
[TimeControl "180+1"]
[EndTime "10:18:07 PDT"]
[Termination "Game drawn by repetition"]

1. d4 e6 2. c4 Bb4+ 3. Nc3 f5 4. e3 Nf6 5. Ne2 O-O 6. a3 Bxc3+ 7. Nxc3 d6 8. Be2 Qe7 9. O-O e5 10. b4 Nc6 11. Nd5 Nxd5 12. cxd5 Nd8 13. Bb2 Nf7 14. Rc1 f4 15. Qc2 Qg5 16. exf4 exf4 17. Bd3 Bh3 18. Bxh7+ Kh8 19. f3 Bxg2 20. Qxg2 Qxg2+ 21. Kxg2 Kxh7 22. Rxc7 b5 23. Re1 Nh6 24. Bc1 Rac8 25. Rxc8 Rxc8 26. Bxf4 Rc2+ 27. Kh3 Nf5 28. Re8 Kg6 29. Re6+ Kf7 30. Bxd6 Rd2 31. Kg4 Nxd4 32. Re7+ Kf6 33. Rxa7 Nf5 34.
Bc5 Rxd5 35. Ra5 Nh6+ 36. Kf4 Rd3 37. Rxb5 Rxa3 38. Rb6+ Kf7 39. Rb7+ Kg8 40. b5 Rb3 41. b6 Nf7 42. Rb8+ Kh7 43. b7 Rb5 44. Ke4 Rxc5 45. Rh8+ Nxh8 46. b8=Q Rc6 47. Qg3 Rf6 48. Qh4+ Kg8 49. f4 Nf7 50. Qg3 Nd6+ 51. Kd5 Nf7 52. Ke4 Nd6+ 53. Kd5 Nf7 54. Ke4 1/2-1/2

[Event "*** Titled Tuesday Blitz"]
[Site "Chess.com"]
[Date "2020.05.26"]
[Round "2"]
[White "RobPeresian"]
[Black "Jungle_Jaguar"]
[Result "1-0"]
[WhiteElo "2312"]
[BlackElo "2579"]
[TimeControl "180+1"]
[EndTime "10:18:08 PDT"]
[Termination "RobPeresian won by resignation"]

1. Nf3 Nf6 2. c4 e6 3. Nc3 d5 4. d4 Be7 5. Bg5 O-O 6. e3 b6 7. Qc2 h6 8. h4 Bb7 9. cxd5 Nxd5 10. Be2 Nd7 11. g4 c5 12. Bxe7 Qxe7 13. g5 h5 14. g6 f5 15. Rg1 f4 16. e4 Nb4 17. Qd2 cxd4 18. Nxd4 Nc5 19. a3 Nc6 20. Nxc6 Bxc6 21. Qc2 f3 22. Bc4 Rad8 23. b4 Nd7 24.
Rg5 Rf4 25. O-O-O Rxh4 26. Rdg1 Qf6 27. Kb1 Ne5 28. Bb3 Rc8 29. Qd2 Rd8 30. Bxe6+ Kf8 31. Bd5 Nc4 32. Qd3 Nxa3+ 33. Ka2 Bxd5+ 34. Nxd5 Qe6 35.
Rf5+ Kg8 36. Kxa3 Rxe4 37. Nf6+ Qxf6 38. Qxe4 Qc3+ 39. Ka4 b5+ 40. Rxb5 Qc7 41. Qe6+ Kf8 42. Rf5+ 1-0

[Event "*** Titled Tuesday Blitz"]
[Site "Chess.com"]
[Date "2020.05.26"]
[Round "2"]
[White "Caterpiller35"]
[Black "angryhorse9"]
[Result "0-1"]
[WhiteElo "2259"]
[BlackElo "2472"]
[TimeControl "180+1"]
[EndTime "10:18:08 PDT"]
[Termination "angryhorse9 won by resignation"]

1. d4 Nf6 2. Bg5 c5 3. Bxf6 gxf6 4. d5 d6 5. c4 f5 6. Nc3 Bg7 7. Qc2 Na6 8. e3 O-O 9. a3 Nc7 10. Bd3 e6 11. g4 fxg4 12. Bxh7+ Kh8 13. Nge2 exd5 14.
O-O-O f5 15. h3 g3 16. Nxg3 Kxh7 17. Nxd5 Nxd5 18. Rxd5 Be6 19. Nxf5 Bxf5 20. Rxf5 Rxf5 21. Qxf5+ Kh8 22. Qh5+ Kg8 23. Qd5+ Kf8 24. Rg1 Qe7 25. Rg6 Rd8 26. Re6 Qf7 27. Rxd6 Rxd6 28. Qxd6+ Kg8 29. Qxc5 Qxf2 30. Qd5+ Kh8 31. Qh5+ Kg8 32. Qd5+ Kf8 33. Qxb7 Qxe3+ 34. Kc2 Qe2+ 35. Kb1 Qd3+ 36. Ka2 Qxc4+ 37.
Qb3 Qd4 38. Qb4+ Qxb4 39. axb4 Ke7 40. Kb3 Kd6 41. h4 Kc6 42. h5 Kb5 43. Ka3 Bf8 44.
Kb3 Bh6 45. Ka3 Bg7 46. Kb3 Bf8 47. Kc3 Bxb4+ 48. Kd4 Bf8 49. Kd5 Bg7 50. b3 a5 0-1

[Event "*** Titled Tuesday Blitz"]
[Site "Chess.com"]
[Date "2020.05.26"]
[Round "2"]
[White "kuba2006"]
[Black "CMS13"]
[Result "1-0"]
[WhiteElo "2421"]
[BlackElo "2188"]
[TimeControl "180+1"]
[EndTime "10:18:08 PDT"]
[Termination "kuba2006 won on time"]

1. e4 e5 2. Nf3 Nc6 3. Nc3 Nf6 4. a3 Bc5 5. Nxe5 Nxe5 6. d4 Bd6 7. f4 Nc6 8. e5 Be7 9. d5 Nb8 10. exf6 Bxf6 11. Ne4 O-O 12. Bd3 d6 13. O-O h6 14.
Kh1 Nd7 15. c4 Be7 16. b4 Nf6 17. Bb2 Nxe4 18. Bxe4 Bf6 19. Qc2 Re8 20. Rae1 Bxb2 21. Qxb2 Bd7 22. g3 Qc8 23. f5 f6 24. Qc2 Re5 25. Bd3 Qd8 26. Rxe5 fxe5 27. f6 Qf8 28. f7+ Kh8 29. Bg6 Qe7 30. Qe4 Rf8 31. h4 Bc8 32. g4 Qd7 33. Bh5 Qe7 34. Kg2 Qxh4 35. Qg6 Qe7 36. Rh1 Qf6 37. Qxf6 gxf6 38. Rf1 Kg7 39. Kf2 Bd7 40. Kf3 c6 41. Ke4 cxd5+ 42.
Kxd5 1-0

[Event "*** Titled Tuesday Blitz"]
[Site "Chess.com"]
[Date "2020.05.26"]
[Round "2"]
[White "isla88"]
[Black "MarcoRiehle"]
[Result "0-1"]
[WhiteElo "2319"]
[BlackElo "2649"]
[TimeControl "180+1"]
[EndTime "10:18:09 PDT"]
[Termination "MarcoRiehle won by resignation"]

1. d4 d5 2. Nc3 Nf6 3. Bf4 c5 4. e3 a6 5. Nf3 Nc6 6. h3 e6 7.
Bd3 Bd6 8. Bxd6 Qxd6 9. dxc5 Qxc5 10. O-O O-O 11. e4 d4 12. Ne2 e5 13. g4 Be6 14. Ng3 Rac8 15. g5 Nd7 16. Nf5 Nb4 17. N3h4 g6 18. Nh6+ Kg7 19. N4f5+ Kh8 20. Qg4 f6 21.
gxf6 Nxf6 22. Qh4 Nxd3 23. cxd3 gxf5 24. exf5 Bd5 25. Kh2 e4 26. Rg1 Qd6+ 27. Rg3 Rc2 28. Kg1 e3 29. fxe3 dxe3 30. Qg5 Rg2+ 31. Rxg2 Bxg2 32. Kxg2 Qxd3 33. Rg1 e2 34. Kh2 Qd6+ 35. Kh1 Qc6+ 36. Kh2 Qc7+ 37. Kh1 Qe7 38. Qh4 Qe4+ 39. Qxe4 Nxe4 40. Re1 Kg7 41. Ng4 Rd8 42. Kg2 Rd2 43. Kf3 Ng5+ 44. Kf4 Nxh3+ 45. Kg3 Ng5 46. f6+ Kf7 47.
Kf4 Ne6+ 48. Kf5 Nd4+ 49. Kg5 Nf3+ 50. Kf5 Nxe1 51. Ne5+ Ke8 52. f7+ Ke7 0-1

[Event "*** Titled Tuesday Blitz"]
[Site "Chess.com"]
[Date "2020.05.26"]
[Round "2"]
[White "CakeinSpace2002"]
[Black "ChessQueen"]
[Result "0-1"]
[WhiteElo "2228"]
[BlackElo "2624"]
[TimeControl "180+1"]
[EndTime "10:18:09 PDT"]
[Termination "ChessQueen won by resignation"]

1. e4 c6 2. d3 d5 3. Nd2 g6 4.
Ngf3 Bg7 5. g3 e5 6. Bg2 Ne7 7.
O-O O-O 8. Re1 Nd7 9. b3 a5 10. a4 d4 11. Nc4 Qc7 12. Ba3 c5 13. h3 Nc6 14. Qd2 b6 15. Nh2 Bb7 16. Rf1 Rae8 17. Rae1 Kh8 18. f4 f5 19. Bc1 fxe4 20. dxe4 Ne7 21. Qd3 Rf7 22. Ng4 Ref8 23. Kh1 h5 24. Nh2 Bh6 25. fxe5 Bxc1 26. Rxc1 Nxe5 27. Qe2 Kg7 28. Rxf7+ Rxf7 29. Rf1 Rxf1+ 30. Nxf1 N7c6 31. Ncd2 Qd6 32. Nf3 d3 33. cxd3 Qxd3 34. Qf2 Nxf3 35. Bxf3 Nd4 36. Bg2 Bxe4 37. Ne3 Bxg2+ 38. Kxg2 Qe4+ 39.
Kg1 Qf3 40. Qd2 Qxg3+ 41. Kf1 Qxh3+ 42. Ke1 Nf3+ 0-1

[Event "*** Titled Tuesday Blitz"]
[Site "Chess.com"]
[Date "2020.05.26"]
[Round "2"]
[White "Shankovskyi"]
[Black "Saloni1299"]
[Result "1/2-1/2"]
[WhiteElo "2531"]
[BlackElo "2293"]
[TimeControl "180+1"]
[EndTime "10:18:09 PDT"]
[Termination "Game drawn by repetition"]

1. e4 e6 2. d4 d5 3. Nd2 Nf6 4. e5 Nfd7 5. Ngf3 c5 6. c3 Nc6 7. Bd3 cxd4 8. cxd4 f6 9. exf6 Nxf6 10. O-O Bd6 11.
Re1 Qc7 12. Nf1 O-O 13. Bg5 h6 14. Bh4 e5 15. dxe5 Nxe5 16. Nxe5 Bxe5 17. Rc1 Qd6 18.
Bg3 Bg4 19. Qb3 Bxg3 20. Nxg3 Rae8 21. h3 Bd7 22. Rxe8 Rxe8 23. Qxb7 Qf4 24. Qc7 Re1+ 25. Kh2 Qxf2 26. Rxe1 Qxe1 27. Qb8+ Kf7 28. Qxa7 Qe5 29. b4 Ke7 30. Bb5 h5 31. Qc5+ Kd8 32. Qf8+ Kc7 33. Bxd7 Nxd7 34. Qf5 Qd6 35. Qxh5 Nf6 36. Qg6 Kb6 37. a4 Qf4 38. Qd3 Qxb4 39. Nf5 Qxa4 40. Nd4 Qc4 41. Qe3 Qc7+ 42. Kh1 Qc5 43. Qb3+ Ka7 44.
Nb5+ Ka6 45. Qa4+ Kb6 46. Nd4 Qc1+ 47. Kh2 Qf4+ 48. Kg1 Qc1+ 49. Kh2 Qf4+ 50. Kg1 Qc1+ 51. Kh2 1/2-1/2

[Event "*** Titled Tuesday Blitz"]
[Site "Chess.com"]
[Date "2020.05.26"]
[Round "2"]
[White "warmoatmeal"]
[Black "ChristianAlm"]
[Result "1-0"]
[WhiteElo "2150"]
[BlackElo "2390"]
[TimeControl "180+1"]
[EndTime "10:18:09 PDT"]
[Termination "warmoatmeal won by resignation"]

1. Nf3 Nf6 2. b3 g6 3. Bb2 Bg7 4.
g3 O-O 5. Bg2 d5 6. O-O c5 7. d4 Ne4 8. c4 e6 9. cxd5 exd5 10.
Nbd2 Bf5 11. Rc1 cxd4 12. Nxd4 Nc6 13. N2f3 Bd7 14. Qc2 Rc8 15. Qb1 Nxd4 16. Bxd4 Bxd4 17. Nxd4 Nd2 18. Qd3 Nxf1 19. Rxf1 Bc6 20. b4 a6 21. Nxc6 Rxc6 22. Qxd5 Qxd5 23. Bxd5 Rc7 24. e4 Rd8 25. Rd1 Kg7 26. Rd2 f5 27. f3 fxe4 28. fxe4 Re7 29. Rc2 Rdd7 30. Kf2 Rc7 31. Rd2 Rcd7 32. Rc2 Rc7 33.
Rd2 Rc3 34. Bb3 Rec7 35. e5 Re7 36. e6 Kf6 37. Ke2 Ke5 38. Rd7 Kf6 39. Rd8 Rcc7 40. Rf8+ Ke5 41. Rd8 Rxe6 42. Bxe6 Kxe6 43. Kd3 Kf5 44.
h3 h5 45. a3 Re7 46. Rd5+ Kf6 47. Rd6+ Re6 48. Rxe6+ Kxe6 49. Ke4 g5 50. a4 b5 51. a5 Kf6 52. Kd5 Kf5 53. Kc6 h4 54. gxh4 gxh4 55. Kb6 Kf4 56. Kxa6 Kg3 57. Kxb5 Kxh3 58.
a6 Kg4 59. a7 h3 60. a8=Q Kg3 61. Qh1 1-0

[Event "*** Titled Tuesday Blitz"]
[Site "Chess.com"]
[Date "2020.05.26"]
[Round "2"]
[White "Falia-p"]
[Black "XDPS"]
[Result "1-0"]
[WhiteElo "2322"]
[BlackElo "2699"]
[TimeControl "180+1"]
[EndTime "10:18:10 PDT"]
[Termination "Falia-p won by resignation"]

1. e4 c5 2. Nf3 d6 3. d4 cxd4 4. Nxd4 Nf6 5. Nc3 a6 6. h3 e6 7. g4 h6 8. Bg2 g5 9. Be3 Nbd7 10. O-O Ne5 11. Qe2 Nfd7 12. f4 gxf4 13. Bxf4 Qc7 14.
Rad1 b5 15. Bg3 Bb7 16. Nf3 Be7 17. Nxe5 Nxe5 18. Qf2 Rh7 19. Kh1 h5 20. gxh5 f6 21. Bxe5 dxe5 22. Qg3 Kf8 23. Rf2 Rg7 24. Qe3 Kf7 25.
h6 Rg6 26. Qd3 Rd8 27. Qe2 Rxd1+ 28. Qxd1 Rxh6 29. Qg4 Qd8 30. Qg3 Qg8 31. Qxe5 Qd8 32.
Qf4 Rh7 33. Ne2 Qd1+ 34. Ng1 Qh5 35. Nf3 Kg7 36. Bf1 Qc5 37. Rg2+ Kf7 38. Ng5+ Ke8 39. Nxh7 Qh5 40. Nxf6+ Bxf6 41. Qxf6 Qxh3+ 42. Kg1 Qe3+ 43. Qf2 Qxe4 44. Rg8+ Ke7 45. Qf8+ Kd7 46. Rg7+ Kc6 47. Bg2 1-0

[Event "*** Titled Tuesday Blitz"]
[Site "Chess.com"]
[Date "2020.05.26"]
[Round "2"]
[White "pooh2012"]
[Black "alekschess100"]
[Result "1-0"]
[WhiteElo "2455"]
[BlackElo "2240"]
[TimeControl "180+1"]
[EndTime "10:18:10 PDT"]
[Termination "pooh2012 won by resignation"]

1. e4 c6 2. Nf3 d5 3. Nc3 g6 4. h4 h5 5. exd5 cxd5 6. d4 Bg7 7. Bf4 Nh6 8. Qd2 Bg4 9. Ne5 Be6 10. Bb5+ Kf8 11.
O-O-O a6 12. Bd3 Bf5 13. f3 Nc6 14. Nxc6 bxc6 15. Na4 Bxd3 16. Qxd3 Nf5 17. c3 Qa5 18. b3 Kg8 19. Bg5 e5 20. g4 Nd6 21. dxe5 Bxe5 22. f4 Bg7 23. f5 hxg4 24. fxg6 Ne4 25. gxf7+ Kxf7 26. Rhf1+ Kg8 27. Kc2 Nxg5 28. hxg5 Rh3 29. Qg6 Rxc3+ 30. Kb1 Rf3 31. Rxf3 gxf3 32. Rf1 Rf8 33.
Qe6+ Rf7 34. g6 Qc7 35. gxf7+ Qxf7 36. Qxf7+ Kxf7 37. Rxf3+ Ke6 38. Rf1 Be5 39. Rc1 Kd6 40.
Rc2 d4 41. Rd2 Kd5 42. Kc2 c5 43. Rd3 Bd6 44. Nb2 Be5 45. Nc4 Bc7 46. Rd1 a5 47.
Kd3 a4 48. bxa4 Ba5 49. Nxa5 c4+ 50. Nxc4 Kc5 51. Rb1 Kc6 52. Rb5 Kc7 53. Kxd4 Kc6 54.
Kc3 1-0

[Event "*** Titled Tuesday Blitz"]
[Site "Chess.com"]
[Date "2020.05.26"]
[Round "2"]
[White "Tlerus"]
[Black "Sanan_Sjugirov"]
[Result "1-0"]
[WhiteElo "2599"]
[BlackElo "2856"]
[TimeControl "180+1"]
[EndTime "10:18:11 PDT"]
[Termination "Tlerus won by resignation"]

1. e4 c5 2. Nf3 e6 3. c3 d5 4.
exd5 exd5 5. d4 Nc6 6. Be3 cxd4 7.
Nxd4 Nf6 8. Bd3 Bd6 9. O-O O-O 10. h3 Ne5 11. Be2 a6 12. Nd2 Bc7 13. N2f3 Nxf3+ 14. Nxf3 Re8 15. Bg5 h6 16. Bxf6 Qxf6 17. Re1 Qd6 18.
Bf1 Bf5 19. Rxe8+ Rxe8 20. Bd3 Bd7 21. Qd2 Qf6 22. Re1 Rd8 23. Nd4 Bf4 24. Qd1 g6 25. Qf3 Kg7 26. Qxd5 Bc6 27. Qc5 Bd6 28. Qb6 Bd5 29. Qa5 Bb8 30. Re3 b6 31. Qxa6 Qg5 32.
g3 Qh5 33. Kh2 Qd1 34. Bf1 Bc7 35. Bg2 Bxg2 36. Kxg2 Qc1 37. Qe2 Bd6 38. Nf3 Bc5 39. Re8 Qd1 40. Qxd1 Rxd1 41. Re2 Ra1 42. a3 b5 43. Ne1 1-0

[Event "*** Titled Tuesday Blitz"]
[Site "Chess.com"]
[Date "2020.05.26"]
[Round "2"]
[White "TheBigBoss04"]
[Black "ama18"]
[Result "0-1"]
[WhiteElo "2711"]
[BlackElo "2500"]
[TimeControl "180+1"]
[EndTime "10:18:11 PDT"]
[Termination "ama18 won on time"]

1. c4 Nf6 2. Nc3 e6 3. e4 c5 4.
Nf3 d6 5. d4 cxd4 6. Nxd4 a6 7.
f3 Qc7 8. Be3 b6 9. Be2 Bb7 10.
O-O Nbd7 11. Qd2 Be7 12. Rfc1 Rc8 13. a4 O-O 14. b4 Rfe8 15. a5 bxa5 16. Rxa5 d5 17. c5 dxe4 18. Bxa6 Bxa6 19. Rxa6 exf3 20. Nxf3 Qb7 21. Ra4 Red8 22. Qe2 Ne4 23. Nb5 Qc6 24. Nfd4 Qd5 25. Na7 Ra8 26. Nac6 Bf8 27. Raa1 Rxa1 28. Rxa1 Rc8 29. Qa2 Qxa2 30. Rxa2 Nc3 31. Ra7 Nf6 32. Bd2 Nce4 33. Bg5 Nxg5 34. Rb7 Nd5 35. h4 Ne4 36. Na7 Rc7 37. Rxc7 Nxc7 38.
Ndc6 Na6 39. Kh1 Nc3 40. Kh2 Nd5 41. b5 Nxc5 42. Nc8 Nb7 43. Nd4 Bc5 44. Nb3 Be3 0-1